[Event "Titled Tuesday Blitz February 28 Late 2023"]
[White "Yang, Qindong"]
[Black "Zeman, Matyas"]
[WhiteFideId "8603758"]
[BlackFideId "364398"]
[WhiteElo "2090"]
[BlackElo "2254"]
[Result "1-0"]
[Round "02"]
[TimeControl "180+2"]
[Date "2023.02.28"]
[WhiteClock "0:01:19"]
[BlackClock "0:01:02"]

1. d4 Nf6 2. c4 e6 3. Nf3 d5 4. g3 Bb4+ 5. Bd2 Be7 6. Bg2 O-O 7. O-O Nbd7 8. Qc2 c6 9. Rd1 b6 10. Bf4 Ba6 11. Ne5 Rc8 12. cxd5 cxd5 13. Nc6 Qe8 14. Nxe7+ Qxe7 15. Nc3 Rc4 16. Rac1 Rfc8 17. Bd2 Rxd4 18. e3 Rg4 19. Bf3 Rg6 20. Qa4 Bd3 21. Nxd5 Nxd5 22. Rxc8+ Nf8 23. Bxd5 1-0


[Site "https://www.chess.com"]

[Event "Titled Tuesday Blitz February 28 Late 2023"]
[White "Alex_Sahakyan2006"]
[Black "Kovalevsky, Stanislav"]
[BlackFideId "13508598"]
[WhiteElo "2623"]
[BlackElo "2220"]
[Result "1-0"]
[Round "02"]
[TimeControl "180+2"]
[Date "2023.02.28"]
[WhiteClock "0:02:32"]
[BlackClock "0:02:37"]

1. Nf3 d5 2. d4 Nf6 3. c4 c6 4. e3 e6 5. Nc3 Nbd7 6. Bd3 Bd6 7. O-O O-O 8. e4 dxe4 9. Nxe4 Nxe4 10. Bxe4 e5 11. dxe5 Nxe5 12. Nxe5 Bxe5 13. Bxh7+ Kxh7 14. Qh5+ Kg8 15. Qxe5 Be6 16. b3 Re8 17. Bb2 Bxc4 18. Qxg7# 1-0


[Site "https://www.chess.com"]

[Event "Titled Tuesday Blitz February 28 Late 2023"]
[White "Bouget, Alexandre"]
[Black "Liu, Eric"]
[WhiteFideId "681318"]
[BlackFideId "30960240"]
[WhiteElo "2177"]
[BlackElo "2094"]
[Result "0-1"]
[Round "02"]
[TimeControl "180+2"]
[Date "2023.02.28"]
[WhiteClock "0:00:03"]
[BlackClock "0:00:27"]

1. d4 b6 2. c4 Bb7 3. Nc3 e6 4. a3 Nf6 5. d5 Be7 6. e4 exd5 7. e5 Ne4 8. cxd5 Nxc3 9. bxc3 O-O 10. Bd3 Re8 11. Nf3 Bxd5 12. Bxh7+ Kxh7 13. Qxd5 Nc6 14. Qxf7 Bf6 15. O-O Nxe5 16. Qh5+ Kg8 17. Ng5 Bxg5 18. Bxg5 Qc8 19. Rad1 d6 20. Rd4 Qf5 21. Rf4 Qg6 22. Qh4 Nf7 23. Rg4 Nxg5 24. Rxg5 Qf6 25. Qg3 Re4 26. h4 Rae8 27. Kh2 Qh6 28. f4 Re3 29. Qg4 R8e7 30. f5 R3e4 31. Rf4 Rxf4 32. Qxf4 Qf6 33. Qc4+ Qf7 34. Qg4 Qf6 35. Qc4+ Kf8 36. Qg4 Qe5+ 37. Kh3 Qxc3+ 38. g3 Qa1 39. Qc4 Qh1+ 40. Kg4 Re4+ 41. Qxe4 Qxe4+ 42. Kh5 d5 43. g4 Qe8+ 44. Rg6 d4 45. Kg5 Qe7+ 46. f6 gxf6+ 47. Rxf6+ Kg7 0-1


[Site "https://www.chess.com"]

[Event "Titled Tuesday Blitz February 28 Late 2023"]
[White "Mustafayev, Farid"]
[Black "Rangel, Daniel"]
[WhiteFideId "13408771"]
[BlackFideId "2124475"]
[WhiteElo "2317"]
[BlackElo "2256"]
[Result "1-0"]
[Round "02"]
[TimeControl "180+2"]
[Date "2023.02.28"]
[WhiteClock "0:01:03"]
[BlackClock "0:00:06"]

1. Nf3 Nf6 2. b3 e6 3. Bb2 d5 4. e3 Be7 5. Be2 O-O 6. O-O b6 7. d3 Bb7 8. Nbd2 c5 9. c4 Nbd7 10. a3 Re8 11. cxd5 exd5 12. Rc1 Bf8 13. d4 Rc8 14. h3 Rc7 15. dxc5 bxc5 16. Bb5 a6 17. Ba4 h6 18. b4 cxb4 19. Rxc7 Qxc7 20. Bxf6 gxf6 21. axb4 Bxb4 22. Nd4 Re5 23. N2f3 Re4 24. Nf5 Ne5 25. Nxh6+ Kf8 26. Nd4 Ng6 27. Nhf5 Bc8 28. Qh5 Kg8 29. Bc2 Re5 30. Qg4 Bf8 31. Qf3 Bxf5 32. Bxf5 Bc5 33. Nb3 Bd6 34. Rc1 Qd8 35. Rc8 1-0


[Site "https://www.chess.com"]

[Event "Titled Tuesday Blitz February 28 Late 2023"]
[White "Bernat, David"]
[Black "Di Berardino, Diego Rafael"]
[WhiteFideId "2099225"]
[BlackFideId "2105446"]
[WhiteElo "2374"]
[BlackElo "2432"]
[Result "0-1"]
[Round "02"]
[TimeControl "180+2"]
[Date "2023.02.28"]
[WhiteClock "0:00:07"]
[BlackClock "0:00:33"]

1. c4 e5 2. Nc3 Nf6 3. g3 d5 4. cxd5 Nxd5 5. Bg2 Nb6 6. d3 Nc6 7. Nf3 Be7 8. Be3 O-O 9. O-O Re8 10. Rc1 Bf8 11. d4 Nc4 12. dxe5 Nxe3 13. fxe3 Be6 14. Qa4 Bc5 15. Rcd1 Bxe3+ 16. Kh1 Qe7 17. Qe4 Bb6 18. h4 h6 19. Nd5 Bxd5 20. Rxd5 Rad8 21. Rfd1 Rxd5 22. Rxd5 Rd8 23. Rxd8+ Nxd8 24. Nd4 c6 25. Kh2 Bxd4 26. Qxd4 a6 27. Bh3 h5 28. Qd6 Kf8 29. Bc8 g6 30. a4 a5 31. Qf6 Qxf6 32. exf6 b5 33. axb5 cxb5 34. Bd7 b4 35. b3 Nb7 36. e4 Nc5 37. e5 Nxd7 0-1


[Site "https://www.chess.com"]

[Event "Titled Tuesday Blitz February 28 Late 2023"]
[White "benny_aizenberg"]
[Black "Carrasco Miranda, Andres"]
[BlackFideId "3405990"]
[WhiteElo "2573"]
[BlackElo "2183"]
[Result "1-0"]
[Round "02"]
[TimeControl "180+2"]
[Date "2023.02.28"]
[WhiteClock "0:00:24"]
[BlackClock "0:00:05"]

1. b3 e5 2. Bb2 Nc6 3. Nf3 e4 4. Nd4 Nf6 5. Nxc6 dxc6 6. e3 Bg4 7. Be2 h5 8. h3 Bxe2 9. Qxe2 Rh6 10. Nc3 Qd7 11. O-O-O O-O-O 12. d3 Qe6 13. dxe4 Rxd1+ 14. Rxd1 Nxe4 15. Nxe4 Qxe4 16. f3 Qe6 17. e4 Rg6 18. g4 hxg4 19. hxg4 Rh6 20. f4 Rh4 21. f5 Qh6+ 22. Kb1 Rh1 23. Bc1 Rxd1 24. Qxd1 Qh3 25. e5 Bc5 26. e6 fxe6 27. fxe6 b5 28. Qd7+ Kb7 29. e7 Bxe7 30. Qxe7 Qxg4 31. Qe5 a5 32. Bf4 Qd7 33. Kb2 g6 34. Qf6 Qf5 35. Qxf5 gxf5 36. Kc3 c5 37. Kd3 Kc6 38. c4 a4 39. Kc3 Kb6 40. cxb5 Kxb5 41. Bxc7 Kc6 42. Bh2 Kd5 43. Bb8 Kc6 44. Kc4 Kb6 45. Bh2 Kc6 46. Bf4 Kb6 47. Be3 Kc6 48. Bxc5 f4 49. b4 f3 50. b5+ Kb7 51. Kb4 Kc7 52. Kxa4 1-0


[Site "https://www.chess.com"]

[Event "Titled Tuesday Blitz February 28 Late 2023"]
[White "Karttunen, Mika"]
[Black "Guzman Moneo, Alberto"]
[WhiteFideId "502081"]
[BlackFideId "2209616"]
[WhiteElo "2396"]
[BlackElo "2157"]
[Result "0-1"]
[Round "02"]
[TimeControl "180+2"]
[Date "2023.02.28"]
[WhiteClock "0:00:01"]
[BlackClock "0:00:37"]

1. e4 c5 2. Nf3 Nc6 3. d4 cxd4 4. Nxd4 g6 5. c4 Nf6 6. Nc3 d6 7. Nc2 Bg7 8. Be2 Nd7 9. O-O Nc5 10. Bd2 O-O 11. b4 Bxc3 12. Bxc3 Nxe4 13. Bb2 e5 14. b5 Ne7 15. Ne3 Be6 16. Kh1 Nf5 17. Nxf5 Bxf5 18. f3 Nc5 19. f4 Qe7 20. fxe5 dxe5 21. Qe1 f6 22. Qg3 Ne4 23. Qe3 Qc5 24. Qxc5 Nxc5 25. a4 Bd3 26. Bxd3 Nxd3 27. Ba3 Rf7 28. c5 Rc8 29. Rad1 Nxc5 30. Rd5 b6 31. a5 e4 32. Bb2 Nd3 33. Bd4 bxa5 34. g4 h6 35. Ra1 Rc1+ 36. Rxc1 Nxc1 37. Rd8+ Kg7 38. Ra8 Ne2 39. Bxa7 Nc3 40. b6 e3 41. Re8 e2 42. Bb8 a4 43. Bc7 a3 44. b7 a2 45. b8=Q a1=Q+ 46. Kg2 Qf1+ 47. Kg3 e1=Q+ 48. Rxe1 Qxe1+ 49. Kg2 Qe2+ 50. Kh3 Qf3+ 51. Bg3 h5 52. gxh5 gxh5 0-1


[Site "https://www.chess.com"]

[Event "Titled Tuesday Blitz February 28 Late 2023"]
[White "Defend, Balint"]
[Black "Gerbelli Neto, Eduardo"]
[WhiteFideId "17004853"]
[BlackFideId "2103281"]
[WhiteElo "2568"]
[BlackElo "2178"]
[Result "1-0"]
[Round "02"]
[TimeControl "180+2"]
[Date "2023.02.28"]
[WhiteClock "0:01:02"]
[BlackClock "0:00:03"]

1. e4 e5 2. Nf3 Nc6 3. Bc4 Nf6 4. d4 exd4 5. e5 d5 6. Bb5 Ne4 7. Nxd4 Bc5 8. Be3 O-O 9. Nxc6 bxc6 10. Bxc5 Nxc5 11. Bxc6 Rb8 12. Qxd5 Qxd5 13. Bxd5 Rxb2 14. Na3 Ba6 15. Bb3 Nxb3 16. axb3 Rd8 17. f4 g6 18. h4 h5 19. Rh3 Bb7 20. Rc3 Bd5 21. Rxc7 a5 22. Kd2 Bxb3+ 23. Kc3 Ra2 24. Rxa2 Bxa2 25. g3 Be6 26. Rc5 Ra8 27. Kb2 a4 28. Nb5 Rb8 29. Ka3 Bd7 30. Nd6 Rb1 31. Ka2 Rg1 32. Rc3 Be6+ 33. Ka3 Ra1+ 34. Kb4 Bd7 35. Ne4 Kg7 36. Nf6 Be6 37. Ra3 Rc1 38. c3 Bb3 39. Ne4 Rg1 40. c4 Re1 41. Nd2 Bc2 42. Rc3 Bd1 43. c5 Re2 44. Nc4 1-0


[Site "https://www.chess.com"]

[Event "Titled Tuesday Blitz February 28 Late 2023"]
[White "Yano, William Jorge Froes"]
[Black "Pinheiro, Iung Alicio de O."]
[WhiteFideId "2112949"]
[BlackFideId "2104350"]
[WhiteElo "2122"]
[BlackElo "2283"]
[Result "0-1"]
[Round "02"]
[TimeControl "180+2"]
[Date "2023.02.28"]
[WhiteClock "0:00:21"]
[BlackClock "0:00:24"]

1. e4 c5 2. Nf3 Nc6 3. Bb5 g6 4. O-O Bg7 5. c3 Nf6 6. Re1 O-O 7. d4 d5 8. e5 Ne4 9. Nbd2 cxd4 10. cxd4 Bf5 11. Qa4 Qb6 12. Nxe4 Bxe4 13. Be3 Bxf3 14. gxf3 Rac8 15. Rac1 Nb8 16. Bd3 Nc6 17. Bb5 Nb8 18. Bd3 a6 19. Bf1 Nc6 20. Bh3 e6 21. f4 Rc7 22. Rc5 Rfc8 23. Rec1 Bf8 24. R5c2 Nb4 25. Rxc7 Rxc7 26. Rxc7 Qxc7 27. Qe8 Nxa2 28. Bf1 Qe7 29. Qb8 Nb4 30. Bd2 Nc6 31. Qa8 Qc7 32. b4 Nxd4 33. b5 Nf3+ 34. Kg2 Nxd2 35. bxa6 bxa6 36. Bxa6 Ne4 37. Qe8 Qb6 38. Bb5 Qxf2+ 39. Kh3 Qf3+ 40. Kh4 Qxf4+ 41. Kh3 Qf3+ 42. Kh4 g5# 0-1


[Site "https://www.chess.com"]

[Event "Titled Tuesday Blitz February 28 Late 2023"]
[White "Estrada Nieto, Julian"]
[Black "Koellner, Ruben Gideon"]
[WhiteFideId "5101018"]
[BlackFideId "12993093"]
[WhiteElo "2176"]
[BlackElo "2303"]
[Result "1/2-1/2"]
[Round "02"]
[TimeControl "180+2"]
[Date "2023.02.28"]
[WhiteClock "0:00:10"]
[BlackClock "0:00:11"]

1. e4 d6 2. d4 Nf6 3. Nc3 e5 4. Nf3 Nbd7 5. Bc4 Be7 6. O-O c6 7. Re1 h6 8. a4 Qc7 9. b3 Nf8 10. Bb2 Ng6 11. h3 O-O 12. Bd3 b6 13. Ne2 a6 14. c4 c5 15. d5 Nh5 16. Kh2 Nhf4 17. Nxf4 Nxf4 18. Bf1 f5 19. g3 fxe4 20. Rxe4 Bf5 21. Re1 Ng6 22. Bd3 Qd7 23. Kg1 Bxd3 24. Qxd3 Qxh3 25. Qxg6 Rxf3 26. Re4 Rxf2 27. Kxf2 Qh2+ 28. Kf3 Qxb2 29. Rae1 Rf8+ 30. Kg4 Qf2 31. Qe6+ Rf7 32. R4e3 Bg5 33. R3e2 Qf3+ 34. Kh3 Kh7 35. Qg4 g6 36. Qxf3 Rxf3 37. Rb1 Kg7 38. Kg2 Rc3 39. a5 bxa5 40. Ra2 h5 41. Rxa5 e4 42. Rxa6 Rc2+ 43. Kh3 e3 44. Rxd6 e2 45. Re6 Bf6 46. Re1 Bd4 47. R1xe2 Rc3 48. d6 Bf6 49. d7 Rd3 50. Rc6 h4 51. Rxc5 Rxg3+ 52. Kh2 Rxb3 53. Rd5 Rb8 54. Re8 Bd8 55. Rc5 g5 56. Rc8 Rb2+ 57. Kh3 Rb3+ 58. Kg4 Rg3+ 59. Kf5 Rf3+ 60. Ke4 Rf4+ 61. Kd5 Bf6 62. Rg8+ Kf7 63. d8=Q Rd4+ 64. Kc6 Bxd8 65. Rcxd8 Rxc4+ 66. Kb5 Rf4 67. Rdf8+ Ke6 68. Rxf4 gxf4 69. Rg4 Kf5 70. Rxh4 f3 71. Rh1 Ke4 72. Kc4 f2 73. Kc3 Ke3 74. Kc2 Ke2 75. Rh2 Ke1 76. Rh1+ f1=Q 77. Rxf1+ Kxf1 1/2-1/2


[Site "https://www.chess.com"]

[Event "Titled Tuesday Blitz February 28 Late 2023"]
[White "Richter, Paul"]
[Black "Kovacs, Klara"]
[WhiteFideId "2046350"]
[BlackFideId "733210"]
[WhiteElo "2555"]
[BlackElo "2179"]
[Result "1-0"]
[Round "02"]
[TimeControl "180+2"]
[Date "2023.02.28"]
[WhiteClock "0:01:23"]
[BlackClock "0:01:42"]

1. e4 e6 2. d4 d5 3. Nc3 Nf6 4. Bg5 Be7 5. e5 Nfd7 6. h4 h6 7. Be3 c5 8. Qg4 Kf8 9. f4 Nc6 10. Nf3 cxd4 11. Nxd4 Nxd4 12. Bxd4 Nc5 13. O-O-O a6 14. h5 b5 15. Bxc5 Bxc5 16. Ne4 Be3+ 17. Kb1 Qc7 18. Rh3 dxe4 19. Rxe3 Bb7 20. g3 b4 21. Bg2 Rc8 22. Qe2 Bd5 23. Bxe4 Bc4 24. Bd3 Bd5 25. Be4 Bc4 26. Qd2 Ke7 27. Qxb4+ Ke8 28. Rc3 a5 29. Qa4+ Kf8 30. b3 1-0


[Site "https://www.chess.com"]

[Event "Titled Tuesday Blitz February 28 Late 2023"]
[White "Marra, Eduardo da Costa"]
[Black "Figorito, Nick"]
[WhiteFideId "2106990"]
[BlackFideId "30923689"]
[WhiteElo "2252"]
[BlackElo "2361"]
[Result "0-1"]
[Round "02"]
[TimeControl "180+2"]
[Date "2023.02.28"]
[WhiteClock "0:00:10"]
[BlackClock "0:00:22"]

1. e4 e6 2. d4 d5 3. e5 c5 4. c3 Bd7 5. Nf3 Qb6 6. Be2 Bb5 7. Bxb5+ Qxb5 8. Na3 Qd7 9. Nc2 Nc6 10. O-O Nh6 11. Bxh6 gxh6 12. c4 dxc4 13. Qe2 b5 14. Rfd1 cxd4 15. Ncxd4 Nxd4 16. Nxd4 Qb7 17. a4 Rg8 18. g3 a6 19. axb5 axb5 20. Rxa8+ Qxa8 21. Nxb5 Qc6 22. Nd4 Qb7 23. Qxc4 Be7 24. Nb5 Kf8 25. Nd6 Qxb2 26. Qe4 Kg7 27. Rd3 Bxd6 28. exd6 Qf6 29. d7 Rd8 30. Qc6 Qf5 31. Rf3 Qd5 32. Qc3+ Kg8 33. Rd3 Qb7 34. Qd4 Qd5 35. Qe3 Qg5 36. Qb6 h5 37. h4 Qe7 38. Qc7 e5 39. Qc6 e4 40. Rd5 e3 41. Rg5+ Kh8 42. Qc3+ f6 43. Rxh5 e2 44. Qe1 Rxd7 45. Rb5 Rd1 0-1


[Site "https://www.chess.com"]

[Event "Titled Tuesday Blitz February 28 Late 2023"]
[White "Sztokbant, Bernardo Vainzoff"]
[Black "Jarocka, Liwia"]
[WhiteFideId "2115956"]
[BlackFideId "21807558"]
[WhiteElo "2222"]
[BlackElo "2013"]
[Result "1-0"]
[Round "02"]
[TimeControl "180+2"]
[Date "2023.02.28"]
[WhiteClock "0:01:54"]
[BlackClock "0:01:32"]

1. e4 d6 2. d4 g6 3. Nc3 Bg7 4. Nf3 Nd7 5. Be3 e5 6. Qd2 h5 7. Bc4 Ngf6 8. h3 O-O 9. O-O exd4 10. Bxd4 Nb6 11. Bb3 Re8 12. Rfe1 Be6 13. Rad1 Qc8 14. Qf4 Nh7 15. Bxg7 Kxg7 16. Nd4 Bxb3 17. axb3 Qd8 18. e5 dxe5 19. Nf5+ gxf5 20. Rxd8 exf4 21. Rexe8 Rxd8 22. Rxd8 f3 23. Rb8 fxg2 24. Rxb7 1-0


[Site "https://www.chess.com"]

[Event "Titled Tuesday Blitz February 28 Late 2023"]
[White "Vaglio Munoz, Jaime"]
[Black "Ezat, Mohamed"]
[WhiteFideId "6500145"]
[BlackFideId "10600906"]
[WhiteElo "2199"]
[BlackElo "2388"]
[Result "0-1"]
[Round "02"]
[TimeControl "180+2"]
[Date "2023.02.28"]
[WhiteClock "0:02:13"]
[BlackClock "0:02:42"]

1. Nf3 Nf6 2. b3 g6 3. Bb2 Bg7 4. g3 O-O 5. Bg2 d6 6. d4 e5 7. dxe5 Nfd7 8. O-O Nc6 9. Qc1 Ncxe5 10. Nxe5 Nxe5 11. f4 Ng4 12. Bxg7 Kxg7 13. h3 Qf6 14. c3 Nh6 15. e4 d5 16. e5 Qb6+ 17. Kh2 Nf5 18. Re1 h5 19. Bxd5 Qf2+ 20. Bg2 Qxg3+ 21. Kh1 Nh4 22. Qd2 Nxg2 23. Rg1 Qxh3# 0-1


[Site "https://www.chess.com"]

[Event "Titled Tuesday Blitz February 28 Late 2023"]
[White "Zochowski, Kacper"]
[Black "Abdyzhaparov, Aidar"]
[WhiteFideId "1125494"]
[BlackFideId "13800361"]
[WhiteElo "2222"]
[BlackElo "2002"]
[Result "1-0"]
[Round "02"]
[TimeControl "180+2"]
[Date "2023.02.28"]
[WhiteClock "0:00:34"]
[BlackClock "0:00:02"]

1. Nf3 d6 2. d4 Nf6 3. c4 Nbd7 4. Bf4 g6 5. Nc3 Bg7 6. Qd2 O-O 7. Bh6 c5 8. d5 Ne5 9. Nxe5 dxe5 10. h4 e6 11. h5 exd5 12. Bxg7 Kxg7 13. hxg6 fxg6 14. Qh6+ Kg8 15. Nxd5 Rf7 16. O-O-O Nxd5 17. Rxd5 Qf6 18. f3 Be6 19. Rxc5 Rd8 20. e4 Qe7 21. Qe3 b6 22. Rb5 Qd7 23. Be2 Rc8 24. Qc3 Qxb5 25. cxb5 Rxc3+ 26. bxc3 Bxa2 27. Kd2 Rd7+ 28. Ke3 Rc7 29. Rc1 Bc4 30. Bxc4+ Rxc4 31. Kd3 Ra4 32. c4 Kf7 33. c5 Ra3+ 34. Ke2 Ra2+ 35. Ke3 bxc5 36. Rxc5 Kf6 37. Rc7 h5 38. g3 Ra3+ 39. Kf2 Ra5 40. Rc6+ Kf7 41. Rc5 Kf6 42. f4 Ra2+ 43. Kg1 Ra1+ 44. Kg2 Ra2+ 45. Kh3 exf4 46. gxf4 Ra3+ 47. Kh2 Rf3 48. e5+ Kf5 49. Rc4 Rb3 50. Rc6 Kxf4 51. e6 Re3 52. Ra6 g5 53. Kg2 1-0


[Site "https://www.chess.com"]

[Event "Titled Tuesday Blitz February 28 Late 2023"]
[White "Van Foreest, Machteld"]
[Black "Pert, Richard G"]
[WhiteFideId "1051563"]
[BlackFideId "404748"]
[WhiteElo "2018"]
[BlackElo "2441"]
[Result "0-1"]
[Round "02"]
[TimeControl "180+2"]
[Date "2023.02.28"]
[WhiteClock "0:00:06"]
[BlackClock "0:00:30"]

1. e4 c5 2. Nf3 d6 3. d4 cxd4 4. Nxd4 Nf6 5. Nc3 g6 6. Be3 Bg7 7. f3 Nc6 8. Qd2 O-O 9. O-O-O d5 10. exd5 Nxd5 11. Nxc6 bxc6 12. Bd4 Bxd4 13. Qxd4 Qb6 14. Nxd5 cxd5 15. Qxb6 axb6 16. Kb1 e6 17. c4 Bb7 18. b3 Kg7 19. Bd3 Rfc8 20. Rd2 Kf6 21. Rhd1 h5 22. f4 h4 23. g3 hxg3 24. hxg3 Rh8 25. g4 Rh4 26. f5 dxc4 27. bxc4 gxf5 28. gxf5 exf5 29. Bc2 Re8 30. Rf1 Be4 31. Bxe4 Rhxe4 32. Rd5 R8e5 33. Rd6+ Re6 34. Rd5 R4e5 35. Rd4 Rc5 36. Kc2 b5 37. Kc3 bxc4 38. Rxc4 Re3+ 39. Kb4 Rxc4+ 40. Kxc4 Ra3 41. Rf2 Ke5 42. Kb4 Ra8 43. a4 f4 44. Ra2 f3 45. Kc3 Kf4 46. Kd3 Rd8+ 47. Kc2 f2 48. Ra1 Ke3 49. a5 Ke2 50. a6 0-1


[Site "https://www.chess.com"]

[Event "Titled Tuesday Blitz February 28 Late 2023"]
[White "Boder, Jan"]
[Black "Martic, Ivan"]
[WhiteFideId "16243226"]
[BlackFideId "929301"]
[WhiteElo "2241"]
[BlackElo "2360"]
[Result "0-1"]
[Round "02"]
[TimeControl "180+2"]
[Date "2023.02.28"]
[WhiteClock "0:00:28"]
[BlackClock "0:01:48"]

1. c4 g6 2. g3 Bg7 3. Bg2 d6 4. Nc3 e5 5. Nf3 f5 6. O-O Nf6 7. d4 e4 8. Ne1 O-O 9. Nc2 Nc6 10. e3 Ne7 11. b4 g5 12. d5 Ng4 13. Bb2 Ne5 14. Na3 Nd3 15. Qb3 Ng6 16. Rfd1 Nge5 17. Bf1 Nf3+ 18. Kg2 Nxb2 19. Qxb2 Qf6 20. Rac1 Qh6 21. h3 f4 22. h4 fxg3 23. fxg3 gxh4 24. Qf2 Bh3+ 25. Kh1 hxg3 26. Qe1 Bxf1# 0-1


[Site "https://www.chess.com"]

[Event "Titled Tuesday Blitz February 28 Late 2023"]
[White "Martin Carmona, Gaston Manuel"]
[Black "mohsengabr2002"]
[WhiteFideId "22284567"]
[WhiteElo "2245"]
[BlackElo "2342"]
[Result "1-0"]
[Round "02"]
[TimeControl "180+2"]
[Date "2023.02.28"]
[WhiteClock "0:00:34"]
[BlackClock "0:00:57"]

1. Nf3 d5 2. d4 Nc6 3. e3 Bf5 4. Be2 e6 5. O-O Nf6 6. Nh4 Be4 7. Nd2 Bd6 8. c4 O-O 9. c5 Be7 10. Nxe4 dxe4 11. g3 Nd5 12. Ng2 f5 13. Bc4 g5 14. a3 a5 15. Qb3 Ra7 16. Bd2 a4 17. Qc2 Qd7 18. f3 exf3 19. Rxf3 Kg7 20. Raf1 Bf6 21. Bc3 Qe7 22. Bxd5 exd5 23. Rxf5 Qe6 24. e4 Bxd4+ 25. Bxd4+ Nxd4 26. Rxg5+ Kh6 27. Qd2 Rxf1+ 28. Kxf1 Nf3 29. Qf4 Nxg5 30. Qh4+ Kg7 31. Qxg5+ Kf8 32. exd5 Qe7 33. Qh6+ Qg7 34. Qd2 Ra8 35. Nf4 Kg8 36. d6 Rd8 37. Qd5+ Qf7 38. Qg5+ 1-0


[Site "https://www.chess.com"]

[Event "Titled Tuesday Blitz February 28 Late 2023"]
[White "Szente Varga, Fruzsina"]
[Black "Ristic, Nebojsa B"]
[WhiteFideId "712264"]
[BlackFideId "935468"]
[WhiteElo "1994"]
[BlackElo "2303"]
[Result "1-0"]
[Round "02"]
[TimeControl "180+2"]
[Date "2023.02.28"]
[WhiteClock "0:00:17"]
[BlackClock "0:00:15"]

1. e4 Nc6 2. d4 d6 3. Nc3 Nf6 4. f3 g6 5. Be3 Bg7 6. Qd2 a6 7. O-O-O b5 8. g4 e5 9. Nge2 h5 10. g5 Nd7 11. f4 exd4 12. Nxd4 Bb7 13. f5 Bxd4 14. Bxd4 Nxd4 15. Qxd4 Qxg5+ 16. Kb1 Qf6 17. Qe3 gxf5 18. exf5+ Qe5 19. Qf2 O-O-O 20. Rg1 Rde8 21. Bg2 Qe3 22. Bxb7+ Kxb7 23. Qg2+ Kb8 24. Qc6 Nb6 25. a3 Re5 26. f6 Re6 27. Rge1 Qxe1 28. Rxe1 Rxe1+ 29. Ka2 Rhe8 30. a4 bxa4 31. Nxa4 Nxa4 32. Qxa4 R8e6 33. Qxa6 R1e5 34. Qf1 Ra5+ 35. Kb3 Kc8 36. c3 Kd7 37. Qf3 Rae5 38. Kc2 Re3 39. Qf1 Re1 40. Qb5+ Kc8 41. Qxh5 Rxf6 42. Qg4+ Kb7 43. Qg2+ c6 44. Qg5 Rfe6 45. Qd8 R1e2+ 46. Kb3 f6 47. Qd7+ Kb6 48. h4 Kc5 49. h5 R6e5 50. h6 Rh2 51. Qa7+ Kd5 52. Qa4 Ke6 53. Qc4+ Kd7 54. Qf7+ Re7 55. Qg6 f5 56. Qxf5+ Kc7 57. Qf6 Rh7 58. Qf4 R2xh6 59. Qa4 Rh5 60. Qa7+ Kd8 61. Qb8+ Kd7 62. Qb7+ Ke6 63. Qxc6 Rc5 64. Qe4+ Kd7 65. Qxh7+ Kc6 66. Qe4+ Kb6 67. c4 Re5 68. Qd4+ Kc6 69. Kc3 Rg5 70. b4 Rg3+ 71. Kb2 Rg2+ 72. Kb3 Rg4 73. Qxg4 1-0


[Site "https://www.chess.com"]

[Event "Titled Tuesday Blitz February 28 Late 2023"]
[White "Sadovsky, Artem"]
[Black "Kostiukov, Alexandr"]
[WhiteFideId "4155840"]
[BlackFideId "14108100"]
[WhiteElo "2314"]
[BlackElo "2202"]
[Result "1-0"]
[Round "02"]
[TimeControl "180+2"]
[Date "2023.02.28"]
[WhiteClock "0:00:03"]
[BlackClock "0:00:01"]

1. Nf3 g6 2. e3 Bg7 3. c4 d6 4. d4 e5 5. dxe5 dxe5 6. Qxd8+ Kxd8 7. Nc3 f6 8. b3 c6 9. Ba3 Nd7 10. O-O-O Nh6 11. Ne4 Nf7 12. Nc5 Re8 13. Nd2 Kc7 14. Nde4 f5 15. Nxd7 fxe4 16. Nc5 Bf8 17. Kb2 Bg4 18. f3 exf3 19. gxf3 Bxc5 20. fxg4 Bxe3 21. Bg2 Rad8 22. Kc2 c5 23. Bd5 Nd6 24. Rhe1 Bd4 25. Rf1 Rf8 26. h4 b5 27. Kd3 b4 28. Bc1 a5 29. Bh6 Rxf1 30. Rxf1 a4 31. h5 axb3 32. axb3 e4+ 33. Bxe4 Nxe4 34. Kxe4 gxh5 35. gxh5 Re8+ 36. Kd3 Re5 37. Rf7+ Kc6 38. Bf4 Rxh5 39. Rc7+ Kb6 40. Rd7 Rh3+ 41. Ke4 h5 42. Kd5 Bg1 43. Bc7+ Kb7 44. Bd6+ Kc8 45. Kc6 1-0


[Site "https://www.chess.com"]

[Event "Titled Tuesday Blitz February 28 Late 2023"]
[White "Ward, Ieuan C"]
[Black "WindWhistler11"]
[WhiteFideId "406627"]
[WhiteElo "2323"]
[BlackElo "2522"]
[Result "0-1"]
[Round "02"]
[TimeControl "180+2"]
[Date "2023.02.28"]
[WhiteClock "0:00:01"]
[BlackClock "0:00:24"]

1. d4 Nf6 2. c4 e6 3. Nf3 c5 4. d5 exd5 5. cxd5 Bd6 6. Nc3 O-O 7. g3 Re8 8. Bg2 a6 9. a4 h6 10. O-O Bf8 11. Re1 d6 12. e4 Bg4 13. b3 Nbd7 14. h3 Bxf3 15. Bxf3 Rb8 16. Bb2 b5 17. axb5 axb5 18. Bg2 c4 19. b4 Ne5 20. Bf1 g5 21. Ra5 Qd7 22. f4 gxf4 23. gxf4 Ng6 24. Qf3 Bg7 25. Bg2 Kh8 26. Kh1 Nxd5 27. Nxd5 Bxb2 28. f5 Nf8 29. Qh5 Kh7 30. e5 Rxe5 31. Nf6+ Kg7 32. Nxd7 Rxe1+ 33. Kh2 Nxd7 34. Bd5 Nf6 35. Qxf7+ Kh8 36. Ra7 Rg8 37. Ra8 Be5# 0-1


[Site "https://www.chess.com"]

[Event "Titled Tuesday Blitz February 28 Late 2023"]
[White "Remolar Gallen, Jose"]
[Black "Meftahi, Houssem"]
[WhiteFideId "2215187"]
[BlackFideId "5501660"]
[WhiteElo "2223"]
[BlackElo "2124"]
[Result "1-0"]
[Round "02"]
[TimeControl "180+2"]
[Date "2023.02.28"]
[WhiteClock "0:00:49"]
[BlackClock "0:02:05"]

1. e4 c5 2. Nf3 Nc6 3. Bb5 e6 4. O-O Nge7 5. Re1 a6 6. Bf1 d5 7. exd5 Nxd5 8. d4 Nf6 9. Be3 cxd4 10. Nxd4 Nxd4 11. Qxd4 Qxd4 12. Bxd4 b5 13. a4 b4 14. Nd2 Bb7 15. Nc4 Be7 16. Na5 Bd5 17. c4 bxc3 18. bxc3 Bd8 19. Nc4 Nd7 20. Nd6+ Ke7 21. Nf5+ Ke8 22. Nxg7+ Kf8 23. Nxe6+ 1-0


[Site "https://www.chess.com"]

[Event "Titled Tuesday Blitz February 28 Late 2023"]
[White "Tyagi, Kushan"]
[Black "Poeta, Caio Medeiros"]
[WhiteFideId "2040069"]
[BlackFideId "2142660"]
[WhiteElo "2322"]
[BlackElo "2191"]
[Result "1-0"]
[Round "02"]
[TimeControl "180+2"]
[Date "2023.02.28"]
[WhiteClock "0:00:27"]
[BlackClock "0:00:12"]

1. d4 Nf6 2. c4 c5 3. d5 b5 4. cxb5 a6 5. Nc3 g6 6. Nf3 Bg7 7. bxa6 O-O 8. g3 d6 9. Bg2 Qa5 10. O-O Nxa6 11. Nd2 Nb4 12. a3 Na6 13. Nc4 Qd8 14. Qd3 Nc7 15. e4 Ba6 16. Bd2 Ng4 17. b3 Rb8 18. Rab1 Rxb3 19. Rxb3 Ne5 20. Qb1 Bxc4 21. Rb7 Bxf1 22. Kxf1 Nc4 23. Be1 Qc8 24. Kg1 Na5 25. Ra7 Nc4 26. Qb7 Qxb7 27. Rxb7 Rc8 28. a4 Kf8 29. Nb5 Nxb5 30. axb5 Bd4 31. Bf1 Ne5 32. Kg2 Ke8 33. f4 Ng4 34. Bd2 Nf6 35. Bd3 Ra8 36. Kf3 Ra3 37. Ke2 Ra2 38. Rb8+ Kd7 39. b6 Bc3 40. Bb5# 1-0


[Site "https://www.chess.com"]